 Dungeon Crawl Stone Soup version 0.22-b1-21-g5cfc1688f2 (webtiles) character file.

434 Jupotter the Covered (level 6, -7/84 HPs)
             Began as a Minotaur Fighter on Aug 6, 2018.
             Was an Initiate of Ashenzari.
             Mangled by a killer bee (9 damage)
             ... on level 4 of the Dungeon.
             The game lasted 00:07:01 (2935 turns).

Jupotter the Covered (Minotaur Fighter)             Turns: 2935, Time: 00:07:01

Health: -7/84      AC:  8    Str: 26    XL:     6   Next: 67%
Magic:  5/5        EV: 10    Int:  7    God:    Ashenzari [......]
Gold:   288        SH:  5    Dex:  9    Spells: 5/5 levels left

rFire    . . .     SeeInvis +   a - +0 flail
rCold    + . .     Gourm    .   g - +1 buckler {rC+}
rNeg     . . .     Faith    .   b - +0 scale mail
rPois    .         Spirit   .   (helmet restricted)
rElec    .         Reflect  .   p - +0 cloak
rCorr    .         Harm     +   (no gloves)
MR       .....     Rnd*Tele +   (no boots)
Stlth    ..........             q - amulet of harm (curse)
HPRegen  0.24/turn              e - ring of see invisible (curse) {sInv, !d}
MPRegen  0.09/turn              v - ring of teleportation (curse) {+/*tele, !d}

@: berserking, lethally poisoned (-7 -> -23), very quick
A: retaliatory headbutt, horns 2
a: Curse Item, Renounce Religion


You were on level 4 of the Dungeon.
You worshipped Ashenzari.
Ashenzari was noncommittal.
You were not hungry.

You visited 1 branch of the dungeon, and saw 4 of its levels.

You collected 288 gold pieces.

Inventory:

Hand Weapons
 a - a +0 flail (weapon)
Missiles
 j - 6 tomahawks (quivered)
Armour
 b - a +0 scale mail (worn)
 c - a +0 shield
 g - a +1 buckler of cold resistance (worn)
 p - a +0 cloak (worn)
Jewellery
 e - a cursed ring of see invisible (left hand) {sInv, !d}
 k - a +2 ring of protection
 q - a cursed amulet of harm (around neck)
 s - an uncursed ring of protection from cold {rC+, !d}
 v - a cursed ring of teleportation (right hand) {+/*tele, !d}
 y - a +4 ring of intelligence
Scrolls
 h - 3 scrolls of magic mapping {unknown}
 i - 2 scrolls of identify {unknown}
 l - a scroll of remove curse
 u - a scroll of enchant weapon {unknown}
 w - a scroll of teleportation {unknown}
 x - a scroll of enchant armour {unknown}
 B - a scroll of fear {unknown}
Potions
 d - a potion of might
 m - a potion of magic {unknown}
 n - a potion of berserk rage {!q}
 o - a potion of curing {unknown}
 r - 2 potions of degeneration {unknown}
 t - a potion of invisibility
 z - a potion of cancellation {unknown}
Comestibles
 f - 9 rations
 A - a chunk of flesh


   Skills:
 * Level 5.2 Fighting
 * Level 4.7 Maces & Flails
 + Level 1.9 Throwing
 * Level 5.3 Armour
 * Level 5.3 Shields


You had 5 spell levels left.
You didn't know any spells.
Your spell library was empty.

Dungeon Overview and Level Annotations

Branches:
Dungeon (4/15)
 Temple: D:4-7

Altars:
Ashenzari
Kikubaaqudgha
Okawaru

Shops:
D:4 }


Innate Abilities, Weirdness & Mutations

You reflexively headbutt those who attack you in melee.
You have a pair of horns on your head.


Message History

The killer bee poisons you!
The killer bee stings you but does no damage.
You miss the killer bee. Your headbutt misses the killer bee.
The killer bee is moderately wounded.
* * * LOW HITPOINT WARNING * * *
You feel sick. You block the killer bee's attack. x2
The killer bee stings you but does no damage.
The killer bee stings you.
* * * LOW HITPOINT WARNING * * *
You barely miss the killer bee. You headbutt the killer bee!
You kill the killer bee!
* * * LOW HITPOINT WARNING * * *
You feel sick. The killer bee stings you.
* * * LOW HITPOINT WARNING * * *
The killer bee stings you but does no damage.
You closely miss the killer bee.
The killer bee is severely wounded.
* * * LOW HITPOINT WARNING * * *
You feel sick. The killer bee stings you!
You die...

.######..# ##....#
........### #.#).#
######....###.#.....#
##.##.....####.....
#####..######.# ##..
.(....## #.## .
####### #..## ##..##
#### ##y@# ...# ##y#
##.. #..........#
...).........#
###$.........# #
#........%.#
#..........#
#..........#
#......=...#


You could see 2 killer bees.

Vanquished Creatures
  An ogre (D:4)
  2 killer bees (D:4)
  A hound (D:4)
  A jelly (D:4)
  A bullfrog skeleton (D:4)
  An orc wizard (D:4)
  5 adders
  2 oozes
  An adder skeleton (D:4)
  3 worms
  3 dart slugs
  2 leopard geckos
  9 orcs
  4 giant cockroaches
  7 goblins
  8 hobgoblins
  2 jackals (D:3)
  2 quokkas
  A ball python (D:2)
  3 bats
  5 frilled lizards
  5 kobolds
  8 rats
77 creatures vanquished.

Notes
Turn   | Place    | Note
-------+----------+-------------------------------------------
     0 | D:1      | Jupotter the Minotaur Fighter began the quest for the Orb.
     0 | D:1      | Reached XP level 1. HP: 19/19 MP: 0/0
   200 | D:1      | Reached XP level 2. HP: 27/27 MP: 1/1
   790 | D:2      | Reached XP level 3. HP: 33/33 MP: 2/2
  1269 | D:2      | Reached XP level 4. HP: 40/40 MP: 3/3
  1791 | D:3      | Reached skill level 1 in Throwing
  2259 | D:3      | Found an iron altar of Okawaru.
  2259 | D:3      | Found an ancient bone altar of Kikubaaqudgha.
  2308 | D:4      | Found Mowkuuli's Gadget Boutique.
  2359 | D:4      | Noticed an ogre
  2364 | D:4      | Killed an ogre
  2364 | D:4      | Reached XP level 5. HP: 47/47 MP: 4/4
  2422 | D:4      | Reached skill level 5 in Armour
  2454 | D:4      | Reached XP level 6. HP: 49/55 MP: 5/5
  2462 | D:4      | Reached skill level 5 in Fighting
  2462 | D:4      | Reached skill level 5 in Shields
  2736 | D:4      | Found a shattered altar of Ashenzari.
  2739 | D:4      | Became a worshipper of Ashenzari the Shackled
  2934 | D:4      | HP: 4/84 [poisoned by a killer bee]
  2935 | D:4      | Mangled by a killer bee

Skill      XL: |  1  2  3  4  5  6 |
---------------+-------------------+-----
Armour         | 4 5 |  5.3
Fighting       | 4 5 |  5.2
Maces & Flails | 3 4 |  4.7
Shields        | 4 5 |  5.3
Throwing       | 1 |  1.9

Action                   |  1- 3 |  4- 6 || total
-------------------------+-------+-------++-------
Melee: Flail             |    78 |   129 ||   207
       Headbutt          |    12 |    20 ||    32
Invok: Curse Item        |       |     1 ||     1
  Use: Potion            |       |     1 ||     1
  Eat: Chunk             |     1 |     6 ||     7
Armor: Scale mail        |    38 |    56 ||    94
Dodge: Dodged            |    25 |    73 ||    98
Block: Shield            |     8 |       ||     8
       Buckler           |    25 |    38 ||    63
